 Dungeon Crawl Stone Soup version 0.18.1-5-g4a78601 (webtiles) character file.

91 oplop the Chiller (level 4, 0/27 HPs)
             Began as an Octopode Ice Elementalist on May 11, 2016.
             Slain by a giant gecko (5 damage)
             ... on level 2 of the Dungeon.
             The game lasted 00:03:27 (1556 turns).

oplop the Chiller (Octopode Ice Elementalist)       Turns: 1556, Time: 00:03:27

Health: 0/27       AC:  1    Str:  7    XL:     4   Next: 59%
Magic:  6/8        EV: 12    Int: 18    God:
Gold:   98         SH:  0    Dex: 12    Spells: 1 memorised, 8 levels left

rFire  . . .     SeeInvis .     (no weapon)
rCold  . . .     Gourm    .     (no shield)
rNeg   . . .     Faith    .     (helmet restricted)
rPois  .         Spirit   .     (no amulet)
rElec  .         Dismiss  .     (no ring)
rCorr  .         Reflect  .     (no ring)
SustAt .         Harm     .     (no ring)
MR     .....                    (no ring)
Stlth  +++.......               (no ring)
                                (no ring)
                                (no ring)
                                (no ring)

@: not resistant to hostile enchantments, fairly stealthy
A: almost no armour, amphibious, 8 rings, constrict 8, camouflage 1, gelatinous
body 1
a: no special abilities


You were on level 2 of the Dungeon.
You were not hungry.

You visited 1 branch of the dungeon, and saw 2 of its levels.

You collected 98 gold pieces.

Inventory:

Scrolls
 c - a scroll of magic mapping {unknown}
 d - 4 scrolls of identify {unknown}
 f - a scroll of remove curse {unknown}
 i - a scroll of blinking {unknown}
 l - a scroll of teleportation {unknown}
Potions
 e - a potion of brilliance {unknown}
 g - a potion of berserk rage {unknown}
 j - a potion of heal wounds {unknown}
Books
 a - a book of Frost

   Spells                             Type                      Level
   a - Freeze                         Ice                          1
   b - Throw Frost                    Conjuration/Ice              2
   c - Ozocubu's Armour               Charms/Ice                   3
   d - Throw Icicle                   Conjuration/Ice              4
   e - Summon Ice Beast               Ice/Summoning                4
Comestibles
 b - 2 bread rations
 h - a meat ration
 k - 2 chunks of flesh


   Skills:
 - Level 2.0 Dodging
 - Level 2.6 Stealth
 + Level 3.2 Spellcasting
   Level 1.0 Conjurations
 + Level 4.3 Ice Magic


You had 8 spell levels left.
You knew the following spells:

 Your Spells              Type           Power        Failure   Level  Hunger
a - Freeze                Ice            ###.         2%          1    None


Dungeon Overview and Level Annotations

Branches:
Dungeon (2/15)

Altars:


Innate Abilities, Weirdness & Mutations

You cannot wear most types of armour.
You are amphibious.
You can wear up to eight rings at the same time.
You can use your tentacles to constrict eight enemies at once.
Your skin changes colour to match your surroundings (Stealth).
Your rubbery body absorbs attacks (AC +1).


Message History

Aiming: Freeze
Press: ? - help, Shift-Dir - straight line, f - giant gecko
Aim: a giant gecko (clinging)
You freeze the giant gecko.
You kill the giant gecko!
Casting: Freeze
Confirm with . or Enter, or press ? or * to list all spells.
You can't see any susceptible monsters within range! (Use Z to cast anyway.) Unknown command.
Casting: Freeze
Confirm with . or Enter, or press ? or * to list all spells.
Aiming: Freeze
Press: ? - help, Shift-Dir - straight line, f - giant gecko
Aim: a giant gecko (clinging)
You freeze the giant gecko.
The giant gecko is severely wounded.
The giant gecko bites you.
* * * LOW HITPOINT WARNING * * *
The giant gecko bites you.
You die...

#..# .# #.####.## ###..#
#.# #.# ##.## #....# ##.#
#.# #....
###.#.<###..####.# #..##
..............<...###..##
####.#..##..#............
#.#..##..###...###..##
#.#............# #....
#....@l.......## #..##
####.###..##...# #..#
#....# #..##...# #..#
#.##.# #..##...# #..#
###### #####...# #...
#...# #..## #..# #..#


You could see a giant gecko.

Vanquished Creatures
  A gnoll (D:1)
  4 adders (D:2)
  An ooze (D:2)
  2 worms (D:2)
  A dart slug (D:2)
  A giant gecko (D:2)
  5 bats (D:1)
  2 giant cockroaches
  A goblin (D:1)
  4 hobgoblins
  2 kobolds (D:1)
  A ball python (D:2)
  3 giant newts (D:1)
  9 rats
37 creatures vanquished.

Notes
Turn   | Place    | Note
--------------------------------------------------------------
     0 | D:1      | oplop the Octopode Ice Elementalist began the quest for the Orb.
     0 | D:1      | Reached XP level 1. HP: 11/11 MP: 3/3
   110 | D:1      | Reached XP level 2. HP: 14/17 MP: 3/5
   247 | D:1      | Reached XP level 3. HP: 1/21 MP: 0/6
  1266 | D:2      | Reached skill level 4 in Ice Magic
  1266 | D:2      | Reached XP level 4. HP: 15/27 MP: 6/8
  1556 | D:2      | Slain by a giant gecko

Skill      XL: |  1  2  3 |
---------------+----------+-----
Spellcasting   | 3 |  3.2
Ice Magic      | 4 |  4.3
Dodging        | |  2.0
Stealth        | |  2.6
Conjurations   | |  1.0

Action                   |  1- 3 |  4- 6 || total
-------------------------+-------+-------++-------
Melee: Unarmed           |    57 |     3 ||    60
       Constrict         |    20 |     1 ||    21
       Tentacles         |     8 |     1 ||     9
 Cast: Freeze            |    19 |    18 ||    37
 Stab: Sleeping          |    10 |       ||    10
  Eat: Chunk             |     1 |     1 ||     2
Armor: Skin              |     1 |     1 ||     2
Dodge: Dodged            |    33 |     6 ||    39
